 Dungeon Crawl Stone Soup version 0.18-a0-775-g4d9e04e (webtiles) character file.

88 Proton the Skirmisher (level 4, -1/50 HPs)
             Began as an Ogre Fighter on Dec 13, 2015.
             Slain by an orc wizard
             ... wielding a +0 dagger
              (5 damage)
             ... on level 4 of the Dungeon.
             The game lasted 00:04:05 (2242 turns).

Proton the Skirmisher (Ogre Fighter)                Turns: 2242, Time: 00:04:05

Health: -1/50      AC:  3    Str: 22    XL:     4   Next: 53%
Magic:  4/4        EV:  8    Int:  7    God:
Gold:   103        SH:  8    Dex:  9    Spells: 0 memorised, 3 levels left

rFire  . . .     SeeInvis .     a - +0 flail
rCold  . . .     Clarity  .     b - +0 robe
rNeg   . . .     SustAt   .     c - +0 shield
rPois  .         Gourm    .     (helmet restricted)
rElec  .         Spirit   .     (no cloak)
rCorr  .         Dismiss  .     (gloves unavailable)
rMut   .         Stasis   .     (boots unavailable)
MR     .....                    (no amulet)
Stlth  +.........               (no ring)
                                (no ring)

@: not resistant to hostile enchantments, very unstealthy
A: unfitting armour, tough skin 1
a: no special abilities


You were on level 4 of the Dungeon.
You were not hungry.

You visited 1 branch of the dungeon, and saw 4 of its levels.

You collected 103 gold pieces.

Inventory:

Hand Weapons
 a - a +0 flail (weapon)
Armour
 b - a +0 robe (worn)
 c - a +0 shield (worn)
Wands
 q - a wand of random effects (29)
Scrolls
 e - 3 scrolls of blinking {unknown}
 g - 2 scrolls of remove curse {unknown}
 h - a scroll of amnesia {unknown}
 i - a scroll of enchant weapon {unknown}
 j - a scroll of teleportation {unknown}
 l - a scroll of enchant armour {unknown}
 n - a scroll of fog {unknown}
 p - a scroll of fear {unknown}
Potions
 d - a potion of might
 k - a potion of haste {unknown}
 o - a potion of curing {unknown}
Comestibles
 f - 3 meat rations
 m - 2 fruits
 r - a bread ration


   Skills:
 * Level 5.0 Fighting
 * Level 4.7 Maces & Flails
 + Level 3.1 Dodging
 - Level 2.6 Shields


You had 3 spell levels left.
You didn't know any spells.

Dungeon Overview and Level Annotations

Branches:
Dungeon (4/15)
 Temple: D:4-7

Altars:
Yredelemnul


Innate Abilities, Weirdness & Mutations

You are too large for most types of armour.
You have tough skin (AC +1).


Message History

You hear some strange, mumbled words.
A magic dart appears from out of thin air!
The magic dart hits you! Something hits you.
You miss something. Something hits you but does no damage.
You miss something.
You hear some strange, mumbled words.
A puff of frost appears from out of thin air!
The puff of frost hits you!
* * * LOW HITPOINT WARNING * * *
You hear some strange, mumbled words.
A magic dart appears from out of thin air!
The magic dart hits you!
* * * LOW HITPOINT WARNING * * *
You climb downwards.
There is a stone staircase leading up here.
You start resting.
You hear some strange, mumbled words. x2
A puff of flame appears from out of thin air!
You block the puff of flame. Something hits you.
You die...

#########
#.......# #
#.......#
..
#.......#!#
#.....>...#
#.......#
#...@...#
#.......#
##.......#
#......#.#
#..###># #
#.. .. ...
.#. ##..
...#


There were no monsters in sight!

Vanquished Creatures
  Robin (D:2)
  A worm (D:2)
  2 giant geckos
  An orc (D:3)
  7 bats
  6 giant cockroaches
  13 hobgoblins
  4 giant newts
  10 goblins
  8 jackals (D:3)
  5 kobolds
  7 rats
  A spectral orc (D:2)
66 creatures vanquished.

Notes
Turn   | Place    | Note
--------------------------------------------------------------
     0 | D:1      | Proton the Ogre Fighter began the quest for the Orb.
     0 | D:1      | Reached XP level 1. HP: 24/24 MP: 1/1
   262 | D:1      | Reached XP level 2. HP: 29/32 MP: 2/2
   619 | D:1      | Reached XP level 3. HP: 37/40 MP: 3/3
  1467 | D:2      | Noticed Robin
  1475 | D:2      | Killed Robin
  1475 | D:2      | Reached XP level 4. HP: 34/49 MP: 4/4
  1785 | D:2      | Found a basalt altar of Yredelemnul.
  2215 | D:3      | Reached skill level 5 in Fighting
  2242 | D:4      | Slain by an orc wizard

Vault maps used:
D:1:      dpeg_arrival_subterranean_lakeside_camping, kennysheep_minor_cross,
          serial_park_tiny_2
D:2:      yredelemnul_forgotten_temple_becter, uniq_robin
D:3:      lemuel_castle_with_subvaults, minmay_large_rounded_square
D:4:      cheibriados_altar_wand_db, first_bread, kennysheep_generic_room_6

Action                   |  1- 3 |  4- 6 || total
-------------------------+-------+-------++-------
Melee: Flail             |   114 |    87 ||   201
  Eat: Bread ration      |     1 |       ||     1
